 Dungeon Crawl Stone Soup version 0.28-a0-751-gef3a642a4e (webtiles) character file.

Game seed: 5667819575830670647

1425 Richi2 the Skirmisher (level 8, -1/83 HPs)
             Began as an Ogre Fighter on Oct 30, 2021.
             Slain by Edmund (4 damage)
             ... on level 6 of the Dungeon.
             The game lasted 00:08:31 (8636 turns).

Richi2 the Skirmisher (Ogre Fighter)                Turns: 8636, Time: 00:08:32

Health: -1/83      AC:  3    Str: 23    XL:     8   Next: 72%
Magic:  3/3        EV:  9    Int:  9    God:
Gold:   24         SH: 14    Dex:  8    Spells: 7/7 levels left

rFire   . . .      SeeInvis .   y - +2 war axe (antimagic)
rCold   . . .      Faith    .   c - +2 kite shield
rNeg    . . .      Spirit   .   b - +0 robe
rPois   +          Reflect  +   (helmet restricted)
rElec   .          Harm     .   t - scarf {+Inv}
rCorr   .          Rampage  .   (gloves unavailable)
Will    .....                   (boots unavailable)
Stlth   +.........              h - amulet of reflection
HPRegen 0.23/turn               e - ring of poison resistance
MPRegen 0.08/turn               (no ring)

@: mighty
A: large, unfitting armour, tough skin 1
a: Evoke Invisibility


You were on level 6 of the Dungeon.
You visited 1 branch of the dungeon, and saw 6 of its levels.

You collected 276 gold pieces.
You spent 252 gold pieces at shops.

Inventory:

Hand Weapons
 a - a +0 war axe
 y - a +2 antimagic war axe (weapon)
Armour
 b - a +0 robe (worn)
 c - a +2 kite shield (worn)
 t - a scarf of invisibility (worn)
Jewellery
 e - a ring of poison resistance (left hand)
 h - an amulet of reflection (around neck)
 j - an amulet of faith
Wands
 m - a wand of charming (8)
 p - a wand of paralysis (3)
 q - a wand of iceblast (7)
 u - a wand of digging (4)
 x - a wand of mindburst (10)
Scrolls
 f - 2 scrolls of teleportation
 g - a scroll of fog {unknown}
 i - a scroll of vulnerability {unknown}
 l - 2 scrolls of magic mapping
 r - 2 scrolls of fear
 s - a scroll of noise {unknown}
 w - a scroll of immolation {unknown}
 z - a scroll of acquirement {unknown}
Potions
 d - 3 potions of heal wounds
 k - a potion of might
 o - a potion of degeneration {unknown}
 v - a potion of curing
 A - a potion of cancellation {unknown}


   Skills:
 + Level 6.1 Fighting
 + Level 5.6 Axes
 * Level 2.9 Armour
 + Level 4.4 Dodging
 + Level 1.0 Stealth
 + Level 4.6 Shields
 * Level 4.3 Invocations


You had 7 spell levels left.
You didn't know any spells.
Your spell library was empty.

Dungeon Overview and Level Annotations

Branches:
Dungeon (6/15)
 Temple: D:4-7

Altars:

Shops:
D:1 !   D:6 :!

Annotations:
D:6 Edmund


Innate Abilities, Weirdness & Mutations

You are too large for most types of armour.
You have tough skin. (AC +1)


Message History

Unknown command.
You barely miss Edmund.
Edmund is lightly wounded.
You closely miss the shadow imp. You block the shadow imp's attack.
The orc closely misses you. You block Edmund's attack.
The orc barely misses you. The shadow imp hits you.
You hit Edmund but do no damage.
Edmund is lightly wounded.
You slash the shadow imp!
The shadow imp's magic leaks into the air.
Edmund hits you with a +1 dire flail of holy wrath!
An iguana comes into view.
You block the shadow imp's attack. You block the orc's attack.
Edmund hits you with a +1 dire flail of holy wrath.
You hit Edmund.
Edmund is moderately wounded.
You hit the shadow imp.
You kill the shadow imp!
You block the orc's attack. You block Edmund's attack.
Unknown command.
You barely miss Edmund.
Edmund is moderately wounded.
You barely miss the orc warrior. You block the orc's attack.
You block Edmund's attack.
The orc warrior hits you with a +0 dire flail!!
* * * LOW HITPOINT WARNING * * *
You block the orc's attack.
You hit Edmund.
Edmund is moderately wounded.
You barely miss the orc warrior. Edmund barely misses you.
You block the orc warrior's attack. The orc barely misses you.
Edmund hits you with a +1 dire flail of holy wrath!
* * * LOW HITPOINT WARNING * * *
The orc warrior hits you with a +0 dire flail!
* * * LOW HITPOINT WARNING * * *
You slice Edmund!!
Edmund is almost dead.
You barely miss the orc warrior. You block the orc's attack.
Edmund hits you with a +1 dire flail of holy wrath.
You die...

#.## .# .# .##... .. ..#
......##.###...
...#...........
...............
.......Z......$.
..#....∩....... . ..∩ .
..........o........
...##...##.....l@.........
#..##.#....#....@.........
#....#.. #......o...#.....
.....#.##.....#...#...#.
...........#..#...<.##...
....##...###..............
....#..####.......###..###
...................#..##
.........#.........#.#


You could see Edmund, an orc warrior, an iguana, an orc and a water moccasin
zombie.

Vanquished Creatures
  2 water moccasins
  2 ice beasts (D:5)
  A sky beast (D:4)
  2 ogres
  A phantom (D:4)
  A scorpion (D:4)
  A water moccasin zombie (D:5)
  An orc priest (D:6)
  A bullfrog skeleton (D:4)
  2 hounds
  3 orc wizards
  4 iguanas
  2 killer bee zombies
  A hound skeleton (D:4)
  A howler monkey zombie (D:5)
  2 gnolls
  9 adders
  A howler monkey skeleton (D:5)
  A shadow imp (D:6)
  A white imp (D:5)
  An ufetubus (D:5)
  A worm (D:2)
  A dart slug (D:3)
  9 orcs
  8 endoplasms
  5 giant cockroaches
  13 goblins
  8 hobgoblins
  A quokka (D:2)
  8 ball pythons
  5 bats
  4 frilled lizards
  5 kobolds
  6 rats
114 creatures vanquished.

Notes
Turn   | Place    | Note
-------+----------+-------------------------------------------
     0 | D:1      | Richi2 the Ogre Fighter began the quest for the Orb.
     0 | D:1      | Reached XP level 1. HP: 24/24 MP: 1/1
   112 | D:1      | Reached XP level 2. HP: 29/33 MP: 2/2
   357 | D:1      | Reached XP level 3. HP: 30/40 MP: 3/3
   455 | D:1      | Found Fogem's Distillery.
  1569 | D:2      | Reached XP level 4. HP: 47/49 MP: 4/4
  1699 | D:2      | Found a faded altar of an unknown god.
  2195 | D:3      | Reached skill level 1 in Invocations
  2692 | D:4      | Reached XP level 5. HP: 50/55 MP: 5/5
  2766 | D:4      | Reached skill level 1 in Armour
  2799 | D:4      | Reached skill level 5 in Fighting
  2844 | D:4      | Noticed an ogre
  2862 | D:4      | Killed an ogre
  2863 | D:4      | Reached XP level 6. HP: 30/66 MP: 7/7
  3551 | D:4      | Noticed a sky beast
  3849 | D:4      | Killed a sky beast
  3850 | D:4      | Reached XP level 7. HP: 14/72 MP: 8/8
  4842 | D:5      | Entered Level 5 of the Dungeon
  5729 | D:6      | Noticed Edmund
  5729 | D:6      | Found Cietohi's Distillery.
  6371 | D:5      | Reached XP level 8. HP: 43/83 MP: 10/10
  6753 | D:1      | Bought a potion of might for 56 gold pieces
  6753 | D:1      | Bought a potion of heal wounds for 70 gold pieces
  6753 | D:1      | Bought a potion of heal wounds for 70 gold pieces
  7570 | D:5      | Reached skill level 5 in Axes
  7805 | D:6      | Reached skill level 6 in Fighting
  8067 | D:6      | Found Etsi Goe's Book Shoppe.
  8232 | D:5      | Reached skill level 1 in Stealth
  8624 | D:6      | Bought a potion of might for 56 gold pieces
  8635 | D:6      | HP: 3/83 [orc warrior (12)]
  8636 | D:6      | Slain by Edmund

Illustrated notes

Levels and vault maps discovered:
D:1:      eino_arrival_water_star, layout_basic, serial_shops, shop
D:2:      layout_basic, hellmonk_ecumenical_altar_lost_god, serial_bayou_pond_c,
          minmay_hexomino_p4
D:3:      layout_basic
D:4:      layout_cave_pools, hangedman_abyss_or_decor_lesser_grid
D:5:      layout_basic, minmay_misc_feat_pillars
D:6:      layout_rooms, temple_statues, serial_shops, nicolae_square_shop, shop,
          minmay_alternating_orb, uniq_edmund

Skill      XL: |  1  2  3  4  5  6  7  8 |
---------------+-------------------------+-----
Dodging        | 3 4 |  4.4
Shields        | 3 4 |  4.6
Invocations    | 1 2 3 4 |  4.3
Armour         | 1 2 |  2.9
Fighting       | 5 6 |  6.1
Axes           | 3 4 5 |  5.6
Stealth        | 1 |  1.0

Action                   |  1- 3 |  4- 6 |  7- 9 || total
-------------------------+-------+-------+-------++-------
Melee: War axe           |    94 |   182 |   213 ||   489
  Use: Potion            |       |     3 |     5 ||     8
       Scroll            |       |       |     5 ||     5
Armor: Robe              |    52 |    46 |    53 ||   151
       Skin              |       |     7 |       ||     7
Dodge: Dodged            |    58 |    58 |    83 ||   199
Block: Kite shield       |    95 |   143 |   169 ||   407
       Reflection        |     2 |       |       ||     2

Table legend: (Time is in decaauts)
 A = Elapsed time spent in this place.
 B = Non-inter-level travel time spent in this place.
 C = Inter-level travel time spent in this place.
 D = Time resting spent in this place.
 E = Time spent auto-exploring this place.
 F = Levels seen in this place.
 G = Mean time per level.
                   A        B        C        D        E       F      G
               +--------+--------+--------+--------+--------+-----+--------+
         Total |   8888 |   8524 |    364 |   3308 |   3693 |   6 | 1481.3 |
       Dungeon |   8888 |   8524 |    364 |   3308 |   3693 |   6 | 1481.3 |
               +--------+--------+--------+--------+--------+-----+--------+

Top non-repeatable levels by time:
     D:5: 3161 daAuts
     D:4: 2188 daAuts
     D:2: 1243 daAuts
     D:1: 1014 daAuts
     D:3: 745 daAuts
     D:6: 536 daAuts
